 Dungeon Crawl Stone Soup version 0.26.0-10-g1f06aea511 (webtiles) character file.

Game seed: 4761308331798579107

677 krovler the Skirmisher (level 7, -1/69 HPs)
             Began as a Naga Arcane Marksman on Jan 23, 2021.
             Was a Follower of the Shining One.
             Slain by inmateoo's ghost (2 damage)
             ... on level 4 of the Dungeon.
             The game lasted 00:12:51 (4475 turns).

krovler the Skirmisher (Naga Arcane Marksman)       Turns: 4475, Time: 00:12:51

Health: -1/69      AC:  4    Str: 14    XL:     7   Next: 60%
Magic:  8/8        EV:  8    Int: 13    God:    the Shining One [*.....]
Gold:   140        SH:  0    Dex: 12    Spells: 5/8 levels left

rFire    . . .     SeeInvis +   a - +0 hand axe
rCold    . . .     Faith    .   (no shield)
rNeg     . . .     Spirit   .   n - +0 ring mail
rPois    +         Reflect  .   (no helmet)
rElec    .         Harm     .   (no cloak)
rCorr    .         Rampage  .   (no gloves)
Will     .....                  (no barding)
Stlth    +.........             (no amulet)
HPRegen  0.21/turn              (no ring)
MPRegen  0.11/turn              (no ring)

@: brilliant, lethally poisoned (-1 -> -18), glowing, very slow
A: large, see invisible, deformed body, poison resistance, slowness 2, spit
poison 1, AC +2
a: Spit Poison, Renounce Religion


You were on level 4 of the Dungeon.
You worshipped the Shining One.
The Shining One was aware of your devotion.
You visited 1 branch of the dungeon, and saw 5 of its levels.

You collected 140 gold pieces.

Inventory:

Hand Weapons
 a - a +0 hand axe (weapon)
 b - a +0 shortbow
Missiles
 d - 63 arrows
 r - 15 poisoned darts
Armour
 i - a +0 leather armour
 n - a +0 ring mail (worn)
Wands
 k - a wand of random effects (19)
 o - a wand of polymorph (9)
Scrolls
 g - 2 scrolls of identify {unknown}
 h - 3 scrolls of enchant armour
 j - 4 scrolls of remove curse {unknown}
 l - 2 scrolls of amnesia {unknown}
 p - 2 scrolls of teleportation {unknown}
 s - a scroll of blinking {unknown}
 t - a scroll of enchant weapon {unknown}
Potions
 c - 3 potions of mutation
 f - a potion of degeneration {unknown}
 m - a potion of lignification


   Skills:
 - Level 6.0 Fighting
 + Level 5.2 Axes
 - Level 1.7 Bows
 - Level 1.5 Dodging
 - Level 1.0 Spellcasting
 - Level 3.0 Hexes


You had 5 spell levels left.
You knew the following spells:

 Your Spells              Type           Power        Failure   Level
a - Corona                Hex            13%          17%         1
b - Slow                  Hex            12%          26%         2

Your spell library contained the following spells:

 Spells                   Type           Power        Failure   Level
 Beastly Appendage        Tmut           0%           50%         1
 Wereblood                Tmut           0%           65%         2
 Inner Flame              Hex/Fire       6%           67%         3
 Portal Projectile        Hex/Tloc       12%          67%         3
 Spider Form              Tmut/Pois      0%           86%         3
 Cause Fear               Hex            6%           86%         4
 Leda's Liquefaction      Hex/Erth       3%           97%         4
 Ice Form                 Ice/Tmut       0%           99%         4
 Blade Hands              Tmut           0%           100%        5


Dungeon Overview and Level Annotations

Branches:
Dungeon (5/15)
 Temple: D:4-7

Altars:
The Shining One

Annotations:
D:4 1 runed translucent door, inmateoo's ghost, amateur GnWn


Innate Abilities, Weirdness & Mutations

You cannot wear boots.
Your serpentine skin is tough. (AC +2)
You have supernaturally acute eyesight. (SInv)
Armour fits poorly on your strangely shaped body.
Your system is resistant to poisons. (rPois)
You cover ground very slowly.
You can spit poison.


Message History

* * * LOW HITPOINT WARNING * * *
You hit inmateoo's ghost but do no damage.
Inmateoo's ghost is moderately damaged.
You feel very sick.
Inmateoo's ghost points at you and mumbles some strange words.
The blast of sand hits you but does no damage.
You hit inmateoo's ghost but do no damage.
Inmateoo's ghost is moderately damaged.
You feel sick.
Inmateoo's ghost gestures at you while chanting.
The blast of sand hits you but does no damage.
Inmateoo's ghost points at you and mumbles some strange words.
The stone arrow hits you!!
* * * LOW HITPOINT WARNING * * *
It was a potion of brilliance.
You feel clever all of a sudden.
You feel less wooden.
Your +0 ring mail unmelds from your body.
* * * LOW HITPOINT WARNING * * *
You feel sick. Inmateoo's ghost hits you.
You die...

###### ##.# #..#
#.# ##.# #.# #.##
#.# #[.# #.# ##.#
#.# #.## #.# #..#
#.# ##.# #@# #.##
#W## #..#
#(.#############.#
##..#≈≈≈≈≈≈≈SS#..#
#..'≈≈≈l$≈≈WS+..#
##.#≈≈≈≈≈≈≈≈l#.##
###############


You could see inmateoo's ghost.

Vanquished Creatures
  Grinder (D:3)
  Sigmund (D:3)
  An ogre (D:4)
  A hound (D:4)
  An iguana (D:4)
  2 orc wizards (D:3)
  2 worker ants (D:4)
  3 adders
  An ooze (D:1)
  An adder skeleton (D:4)
  2 worms
  A dart slug (D:2)
  4 leopard geckos
  An orc (D:3)
  5 bats
  4 giant cockroaches
  6 goblins
  4 hobgoblins
  A quokka (D:2)
  2 ball pythons
  3 frilled lizards
  8 kobolds
  A leopard gecko skeleton (D:4)
  9 rats
65 creatures vanquished.

Notes
Turn   | Place    | Note
-------+----------+-------------------------------------------
     0 | D:1      | krovler the Naga Arcane Marksman began the quest for the
                  | Orb.
     0 | D:1      | Reached XP level 1. HP: 18/18 MP: 2/2
   190 | D:1      | Reached skill level 2 in Fighting
   190 | D:1      | Reached XP level 2. HP: 26/26 MP: 3/3
   632 | D:1      | Reached XP level 3. HP: 18/33 MP: 4/4
  1019 | D:1      | Reached skill level 3 in Fighting
  1314 | D:2      | Learned a level 2 spell: Slow
  1754 | D:2      | Found a faded altar of an unknown god.
  1757 | D:2      | Became a worshipper of the Shining One
  1757 | D:2      | Reached * piety under the Shining One
  2599 | D:3      | Noticed Sigmund
  2616 | D:3      | Killed Sigmund
  2617 | D:3      | Reached skill level 5 in Fighting
  2617 | D:3      | Reached XP level 4. HP: 46/46 MP: 5/5
  2617 | D:3      | Reached XP level 5. HP: 54/54 MP: 6/6
  2753 | D:3      | Reached XP level 6. HP: 61/62 MP: 7/7
  2758 | D:3      | Reached skill level 1 in Axes
  2824 | D:3      | Noticed Grinder
  2831 | D:3      | Paralysed by Grinder for 2 turns
  2853 | D:3      | Killed Grinder
  2854 | D:3      | Reached skill level 6 in Fighting
  2854 | D:3      | Reached XP level 7. HP: 35/69 MP: 8/8
  3350 | D:3      | Gained mutation: You are clumsy. (Dex -2) [potion of
                  | mutation]
  3350 | D:3      | Lost mutation: You are clumsy. (Dex -2) [potion of
                  | mutation]
  3813 | D:4      | Reached skill level 5 in Axes
  4118 | D:4      | Found a runed translucent door.
  4119 | D:4      | Noticed inmateoo's ghost (amateur GnWn)
  4214 | D:4      | Found a runed translucent door.
  4380 | D:5      | Entered Level 5 of the Dungeon
  4474 | D:4      | HP: 2/103 [inmateoo's ghost/stone arrow (23)]
  4475 | D:4      | Slain by inmateoo's ghost

Illustrated notes

Levels and vault maps discovered:
D:1:      kennysheep_arrival_forest, layout_loops_cross
D:2:      layout_basic, chequers_ecumenical_altar_grove
D:3:      layout_basic, uniq_grinder, uniq_sigmund
D:4:      layout_layer_cave, ebering_ghost_sewer_f
D:5:      layout_basic, nicolae_overflow_quartered_altars, marbit_many_paths,
          basic_altar

Skill      XL: |  1  2  3  4  5  6  7 |
---------------+----------------------+-----
Fighting       | 2 5 6 |  6.0
Axes           | 3 5 |  5.2
Bows           | |  1.7
Dodging        | |  1.5
Spellcasting   | |  1.0
Hexes          | |  3.0

Action                   |  1- 3 |  4- 6 |  7- 9 || total
-------------------------+-------+-------+-------++-------
Melee: Unarmed           |     5 |       |       ||     5
       Short sword       |    37 |       |       ||    37
       Hand axe          |       |    11 |    91 ||   102
 Fire: Shortbow          |   108 |    37 |     6 ||   151
Throw: Dart              |       |       |     1 ||     1
       Throwing net      |       |       |     1 ||     1
 Cast: Corona            |     1 |     1 |       ||     2
 Abil: Spit Poison       |     6 |     3 |     7 ||    16
  Use: Scroll            |     1 |       |       ||     1
       Potion            |       |       |     5 ||     5
Armor: Robe              |     8 |       |       ||     8
       Skin              |     7 |       |    25 ||    32
       Ring mail         |     6 |     5 |    22 ||    33
       Leather armour    |     1 |       |       ||     1
Dodge: Dodged            |    40 |     6 |    27 ||    73
